Map: [ESL] Oceanborn

Players

Clem - Winner!

  • Race: Terran Terran
  • Spawn Location: 5:00

ForJumy

  • Race: Protoss Protoss
  • Spawn Location: 11:00

Event: ESL SC2 Masters 2023 Winter (Regional)

VOD

Have the link to the VOD?

Description

Time

  • Played on: Oct. 27, 2023, 11:49 a.m.
  • Length: 9:22

All games in this series

Show
View Real Time Build Order
Export as new Build Order

Clem Terran - Winner!

Build Orders: Reaper Expand 

Get SALT Encoding   

  12  0:00  SCV  
  13  0:12  SCV  
  14  0:16  Supply Depot  
  14  0:24  SCV  
  15  0:38  SCV  
  15  0:40  Barracks  
  16  0:43  Refinery  
  16  0:50  SCV  
  17  1:02  SCV  
  18  1:14  SCV  
  19  1:27  Orbital Command  
  19  1:28  Reaper  
  20  1:42  Command Center  
  20  1:52  Supply Depot  
  20  1:55  SCV  
  20  2:00  Marine  
  22  2:07  SCV  
  23  2:12  Factory  
  23  2:18  Marine  
  23  2:19  SCV  
  25  2:26  Bunker  
  25  2:31  SCV  
  25  2:34  Refinery  
  25  2:36  Barracks Reactor  
  26  2:41  Barracks Reactor  
  26  2:45  SCV  
  27  2:54  Orbital Command  
  27  2:57  SCV  
  28  2:59  Starport  
  28  3:09  Cyclone  
  28  3:10  SCV  
  31  3:13  Supply Depot  
  31  3:17  Marine  
  31  3:18  Marine  
  31  3:19  SCV  
  34  3:25  SCV  
  34  3:32  SCV  
  35  3:35  Supply Depot  
  35  3:37  SCV  
  35  3:38  Marine x2  
  38  3:42  Factory Tech Lab  
  38  3:45  Viking  
  38  3:46  SCV  
  41  3:49  SCV  
  42  3:56  Marine x2  
  42  3:58  SCV  
  42  4:00  Siege Tank  
  42  4:01  SCV  
  49  4:08  Supply Depot  
  49  4:10  SCV  
  49  4:14  Marine x2, SCV  
  49  4:15  Barracks  
  53  4:17  Starport Tech Lab  
  53  4:22  SCV  
  54  4:26  Supply Depot  
  54  4:28  SCV  
  55  4:32  Siege Tank, Marine x2  
  55  4:35  SCV  
  55  4:36  Refinery  
  61  4:41  SCV  
  62  4:46  Raven, Barracks  
  62  4:48  SCV  
  62  4:49  Marine  
  62  4:50  Marine  
  62  4:51  Supply Depot  
  67  4:53  SCV  
  67  4:56  Engineering Bay  
  68  5:00  SCV  
  68  5:05  SCV  
  70  5:07  Marine x2  
  70  5:11  Supply Depot  
  70  5:12  SCV  
  73  5:15  Marauder  
  73  5:17  SCV  
  73  5:24  SCV  
  73  5:27  Marine  
  73  5:28  Bunker, Marine  
  76  5:29  SCV  
  76  5:34  Siege Tank, Marine  
  74  5:36  Marine  
  63  5:43  SCV  
  63  5:45  Marine x2  
  63  5:47  SCV  
  65  5:52  Supply Depot  
  65  5:55  Viking  
  68  5:57  SCV  
  68  5:58  Marine  
  68  6:00  Marine  
  68  6:02  SCV  
  71  6:06  Siege Tank  
  71  6:10  Marine x2  
  71  6:11  SCV  
  77  6:14  SCV  
  77  6:15  Stimpack  
  78  6:18  Bunker  
  78  6:23  Marine x2  
  80  6:28  Refinery  
  80  6:30  Starport Reactor  
  80  6:31  SCV  
  80  6:32  SCV, Supply Depot  
  82  6:33  Marine x2  
  82  6:36  Terran Infantry Weapons Level 1  
  84  6:43  SCV  
  84  6:44  Marauder, SCV, Supply Depot  
  84  6:46  Combat Shield  
  88  6:48  Marauder  
  88  6:54  Marine x2  
  91  6:57  Factory Reactor  
  92  7:04  Command Center  
  92  7:07  Missile Turret, Supply Depot  
  92  7:09  Medivac  
  92  7:12  Medivac  
  96  7:16  Supply Depot, Marine x2  
  96  7:19  Marauder  
  96  7:21  Marauder  
  102  7:27  Supply Depot  
  102  7:34  Barracks, Marine x2  
  102  7:35  Barracks  
  104  7:40  Widow Mine  
  104  7:44  Marauder x2  
  110  7:47  Medivac x2  
  110  7:51  Widow Mine  
  116  7:54  Marine  
  116  7:56  Missile Turret  
  116  7:57  Marine  
  118  8:02  Supply Depot  
  118  8:03  Widow Mine  
  118  8:05  Concussive Shells  
  120  8:06  Marauder  
  120  8:08  SCV  
  120  8:11  Marauder, Marine  
  126  8:14  Widow Mine  
  126  8:19  Marine  
  128  8:21  Medivac  
  128  8:22  Medivac  
  128  8:25  Barracks Reactor, Barracks Tech Lab  
  128  8:26  SCV  
  128  8:27  SCV  
  135  8:31  Marauder  
  135  8:33  Marine  
  134  8:37  Supply Depot  
  134  8:39  Marine  
  135  8:47  Widow Mine x2  
  136  8:49  Marauder  
  136  8:52  Marauder  
  136  8:55  Marauder  
  139  9:01  SCV, Marine x2  
  139  9:02  SCV  
  142  9:03  Marine x2  
Show
View Real Time Build Order
Export as new Build Order

ForJumy Protoss 

Build Orders: 1 Gate Expand 

Get SALT Encoding   

  12  0:00  Probe  
  13  0:12  Probe  
  14  0:18  Pylon  
  14  0:24  Probe (Chrono Boost)  
  15  0:42  Gateway  
  16  0:44  Gateway  
  16  0:45  Probe (Chrono Boost)  
  16  0:51  Probe  
  16  0:52  Assimilator  
  17  1:04  Probe  
  18  1:16  Probe  
  19  1:31  Probe  
  19  1:32  Cybernetics Core  
  20  1:41  Nexus  
  20  1:49  Pylon  
  20  1:51  Probe  
  21  2:01  Assimilator  
  21  2:03  Probe  
  21  2:05  Adept (Chrono Boost)  
  24  2:15  Probe  
  25  2:17  Warp Gate  
  24  2:28  Stalker  
  26  2:33  Probe  
  27  2:44  Robotics Facility  
  27  2:46  Probe (Chrono Boost)  
  28  2:53  Probe (Chrono Boost)  
  28  2:58  Probe (Chrono Boost)  
  30  3:01  Adept  
  30  3:02  Probe (Chrono Boost)  
  30  3:04  Probe (Chrono Boost)  
  34  3:07  Probe (Chrono Boost)  
  34  3:08  Gateway  
  35  3:17  Probe  
  36  3:26  Probe  
  36  3:29  Immortal (Chrono Boost)  
  36  3:33  Probe  
  41  3:39  Probe  
  41  3:40  Gateway  
  42  3:46  Probe  
  43  3:50  Gateway  
  43  3:57  Gateway  
  43  4:04  Warp Prism (Chrono Boost)  
  43  4:09  Pylon  
  45  4:14  Gateway  
  45  4:20  Gateway  
  45  4:24  Pylon  
  45  4:28  Sentry x2  
  49  4:32  Pylon  
  49  4:35  Adept  
  51  4:54  Stalker  
  51  4:55  Stalker x3  
  51  4:58  Zealot  
  61  5:02  Pylon  
  61  5:18  Zealot x5  
  61  5:21  Sentry  
  67  5:24  Stalker  
  61  5:41  Zealot x4  
  45  5:57  Twilight Council, Probe  
  45  6:00  Forge, Probe  
  47  6:08  Immortal (Chrono Boost)  
  47  6:09  Probe  
  52  6:12  Probe  
  52  6:13  Assimilator  
  53  6:23  Probe  
  53  6:24  Probe  
  55  6:28  Shield Battery  
  45  6:35  Resonating Glaives, Protoss Ground Weapons Level 1 (Chrono Boost), Probe  
  45  6:36  Probe  
  47  6:40  Assimilator  
  47  6:47  Nexus  
  47  6:49  Probe  
  48  6:56  Immortal (Chrono Boost)  
  52  7:03  Adept  
  54  7:08  Probe  
  55  7:19  Adept  
  57  7:25  Immortal (Chrono Boost)  
  57  7:26  Adept x2  
  65  7:34  Pylon  
  65  7:39  Sentry x2  
  65  7:40  Adept  
  65  7:42  Probe x2  
  73  7:48  Adept  
  73  7:49  Adept  
  77  7:54  Probe, Pylon  
  77  7:57  Pylon  
  78  8:00  Adept x2  
  80  8:05  Sentry x2  
  84  8:15  Adept x3  
  90  8:21  Adept  
  90  8:22  Pylon  
  92  8:35  Adept x4  
  92  8:38  Sentry  
  100  8:47  Adept  
  90  8:52  Gateway  
  90  8:54  Gateway  
  90  8:56  Adept x2  
  82  9:09  Adept x3  
Tags
 
Add a new tag
Caveats
  • Supply blocks, unpowered buildings, or Contaminate may cause inaccurate times.
  • Supply counts are checked every 10 seconds.